 Dungeon Crawl Stone Soup version 0.31.0-11-ge490571c62 (webtiles) character file.

Game seed: 2700652405393351491

35 SnakkuSnakku7 the Trooper (level 3, -2/29 HPs)
             Began as a Merfolk Air Elementalist on Jan 30, 2024.
             Slain by a goblin
             ... wielding a +0 club
             ... led by Robin
              (4 damage)
             ... on level 2 of the Dungeon.
             The game lasted 00:01:32 (672 turns).

SnakkuSnakku7 the Trooper (Merfolk Air Elementalist) Turns: 672, Time: 00:01:32

Health: -2/29      AC:  2    Str:  7    XL:     3   Next: 35%
Magic:  4/6        EV: 13    Int: 13    God:
Gold:   42         SH:  0    Dex: 20    Spells: 5/6 levels left

rFire   . . .        c - +0 dagger
rCold   . . .        (no shield)
rNeg    . . .        a - +0 robe
rPois   +            (no helmet)
rElec   .            (no cloak)
rCorr   .            (no gloves)
SInv    .            (no boots)
Will    .....        (no amulet)
Stlth   ++           f - ring of poison resistance
HPRegen 0.24/turn    (no ring)
MPRegen 0.10/turn

%: no passive effects
@: attractive
A: (nimble swimmer 2), mertail, claws 1, agile 1, high MP 1
a: no special abilities


You were on level 2 of the Dungeon.
You visited 1 branch of the dungeon, and saw 2 of its levels.

You collected 42 gold pieces.

Inventory:

Hand Weapons
 c - a +0 dagger (weapon)
Armour
 a - a +0 robe (worn)
Jewellery
 f - a ring of poison resistance (left claw)
Scrolls
 d - a scroll of poison {unknown}
 e - a scroll of teleportation {unknown}
 g - a scroll of identify {unknown}
 i - 2 scrolls of noise {unknown}
Potions
 b - a potion of magic
 h - a potion of mutation
 k - a potion of enlightenment {unknown}


   Skills:
 + Level 3.2 Fighting
 - Level 2.6 Dodging
 - Level 2.1 Stealth
 - Level 2.0 Spellcasting
 - Level 0.7 Conjurations
 - Level 2.4 Air Magic


You had 5 spell levels left.
You knew the following spells:

 Your Spells              Type           Power      Damage    Failure   Level
a - Shock                 Conj/Air       20%        1d4       14%         1

Your spell library contained the following spells:

 Spells                   Type           Power      Damage    Failure   Level
 Static Discharge         Conj/Air       10%        3-4/arc   21%         2
 Swiftness                Air            7%         N/A       28%         3
 Airstrike                Air            3%         2d(1-17)  67%         4


Dungeon Overview and Level Annotations

Branches:
Dungeon (2/15)

Altars:

Annotations:
D:2 Robin


Innate Abilities, Weirdness & Mutations

((You are very nimble when in or above water. (Stealth+, EV+, Speed+++)))
Your lower body shifts to a powerful aquatic tail in water.
You have sharp fingernails.
You are agile. (Dex +4, Str/Int -1)
You have an increased reservoir of magic. (+10% MP)


Message History

Aiming: Shock (safe; 13% risk of failure)
Press: ? - help, Q - select action Shift-Dir - straight line The zap hits the goblin.
The goblin is severely wounded.
The goblin completely misses you. The goblin misses you.
The goblin closely misses you. The goblin hits you but does no damage.
The hobgoblin closely misses you.
Aiming: Shock (safe; 13% risk of failure)
Press: ? - help, Q - select action Shift-Dir - straight line The zap hits the goblin.
You kill the goblin!
The goblin hits you with a +0 dagger. The goblin closely misses you.
The hobgoblin closely misses you. The goblin hits you with a +0 dagger.
Robin throws the goblin at you! The goblin hits you but does no damage.
The goblin hits you with a +0 dagger.
* * * LOW HITPOINT WARNING * * *
Things that are here:
a +0 dagger; a goblin corpse The goblin attacks as it pursues you!
The goblin barely misses you. The goblin hits you with a +0 dagger.
* * * LOW HITPOINT WARNING * * *
Robin throws the goblin at you!
Unknown command.
You closely miss the goblin. The goblin hits you with a +0 dagger.
* * * LOW HITPOINT WARNING * * *
The goblin hits you with a +0 club.
* * * LOW HITPOINT WARNING * * *
Unknown command.
The goblin hits you with a +0 dagger.
* * * LOW HITPOINT WARNING * * *
The goblin barely misses you. The goblin attacks as it pursues you!
The goblin barely misses you.
It was a potion of mutation.
You feel extremely strange.
You feel agile.
Your fingernails lengthen.
You feel more energetic. The goblin barely misses you. x2
There are no items here.
It was a potion of attraction.
You feel attractive to monsters. The goblin barely misses you.
The goblin hits you with a +0 club.
You die...

##..# ###>.### ....##
#...... ## #...#
#..... ... #..# #...#
..# #..###...##...
##.gg........# ####
##...g....##.##...
#...gggg...#.#..# #
.....#.##g@........#..
######.###g..........#
..........|†...###
..................
...............###.
#######.#....#.....(
###.#....#..##..
..........##.####
................#


You could see Robin, 2 hobgoblins and 6 goblins.

Vanquished Creatures
  3 dart slugs
  5 bats (D:1)
  7 endoplasms (D:1)
  A giant cockroach (D:1)
  2 goblins
  2 hobgoblins
  A quokka (D:1)
  5 frilled lizards
  2 kobolds (D:1)
  A rat (D:1)
29 creatures vanquished.

Notes
Turn   | Place    | Note
-------+----------+-------------------------------------------
     0 | D:1      | SnakkuSnakku7 the Merfolk Air Elementalist began the quest
                  | for the Orb.
     0 | D:1      | Reached XP level 1. HP: 13/13 MP: 3/3
    92 | D:1      | Reached skill level 1 in Fighting
   145 | D:1      | Reached XP level 2. HP: 19/22 MP: 5/5
   183 | D:1      | Reached skill level 2 in Fighting
   425 | D:1      | Reached XP level 3. HP: 24/28 MP: 2/6
   467 | D:1      | Reached skill level 3 in Fighting
   660 | D:2      | Noticed Robin
   668 | D:2      | HP: 1/29 [goblin/+0 dagger[Robin] (2)]
   671 | D:2      | Gained mutation: You are agile. (Dex +4, Str/Int -1)
                  | [potion of mutation]
   671 | D:2      | Gained mutation: You have sharp fingernails. [potion of
                  | mutation]
   671 | D:2      | Gained mutation: You have an increased reservoir of magic.
                  | (+10% MP) [potion of mutation]
   672 | D:2      | Slain by a goblin

Illustrated notes

Levels and vault maps discovered:
D:1:      lightli_arrival_windingriver, layout_rooms
D:2:      layout_rooms, uniq_robin

Skill      XL: |  1  2  3 |
---------------+----------+-----
Fighting       | 1 2 3 |  3.2
Dodging        | |  2.6
Stealth        | |  2.1
Spellcasting   | |  2.0
Conjurations   | |  0.7
Air Magic      | |  2.4

Action                     || total
---------------------------++-------
  Melee: Unarmed           ||    11
         Dagger            ||    89
         Punch             ||     1
   Cast: Shock             ||    26
    Use: Potion            ||     2
   Stab: Sleeping          ||     1
 Armour: Robe              ||    64
  Dodge: Dodged            ||    75
